 Dungeon Crawl Stone Soup version 0.25.1-1-g288607f5aa (webtiles) character file.

Game seed: 7741318548093800064

1186 Delamore the Basher (level 8, 0/46 HPs)
             Began as a Gargoyle Fighter on July 26, 2020.
             Slain by Prince Ribbit (12 damage)
             ... on level 5 of the Dungeon.
             The game lasted 00:05:45 (5950 turns).

Delamore the Basher (Gargoyle Fighter)              Turns: 5950, Time: 00:05:46

Health: 0/46       AC: 16    Str: 22    XL:     8   Next: 42%
Magic:  8/8        EV:  7    Int:  9    God:
Gold:   333        SH:  9    Dex:  9    Spells: 7/7 levels left

rFire    + . .     SeeInvis .   y - +0 morningstar (protect)
rCold    . . .     Gourm    .   c - +0 kite shield
rNeg     + . .     Faith    .   b - +0 scale mail
rPois    ∞         Spirit   .   h - +1 helmet
rElec    +         Reflect  .   v - +0 cloak
rCorr    .         Harm     .   (no gloves)
MR       .....                  s - +0 pair of boots
Stlth    ..........             (no amulet)
HPRegen  0.15/turn              e - ring of protection from fire
MPRegen  0.11/turn              (no ring)

@: no status effects
A: negative energy resistance 1, electricity resistance, unbreathing,
petrification resistance, rot immunity, AC +5
a: no special abilities


You were on level 5 of the Dungeon.
You were very hungry.

You visited 1 branch of the dungeon, and saw 5 of its levels.
You also visited: Sewer.

You collected 333 gold pieces.

Inventory:

Hand Weapons
 a - a +0 flail
 y - a +0 morningstar of protection (weapon)
Missiles
 p - 5 atropa-tipped darts (quivered)
 D - 3 boomerangs of dispersal
Armour
 b - a +0 scale mail (worn)
 c - a +0 kite shield (worn)
 h - a +1 helmet (worn)
 s - a +0 pair of boots (worn)
 v - a +0 cloak (worn)
Jewellery
 e - a ring of protection from fire (left hand)
 E - an uncursed amulet of reflection {unknown}
 H - the ring "Jaoziut" {rPois Int+4 Stlth+, unknown}
   (You found it on level 4 of the Dungeon)

   [ring of poison resistance]

   It affects your intelligence (+4).
   It protects you from poison.
   It makes you more stealthy.
 I - an uncursed ring of protection from fire
Wands
 B - a wand of acid (9)
Scrolls
 g - 2 scrolls of fog {unknown}
 i - 3 scrolls of enchant weapon {unknown}
 k - 2 scrolls of magic mapping
 l - 2 scrolls of teleportation {unknown}
 q - 10 scrolls of identify {unknown}
 r - 3 scrolls of fear {unknown}
 t - 2 scrolls of remove curse {unknown}
 w - a scroll of blinking {unknown}
 z - a scroll of immolation {unknown}
Potions
 d - 5 potions of might
 j - a potion of lignification {unknown}
 m - a potion of flight {unknown}
 n - a potion of ambrosia {unknown}
 o - 3 potions of cancellation {unknown}
 u - a potion of stabbing {unknown}
 x - a potion of degeneration {unknown}
 A - 2 potions of berserk rage {unknown}
 C - a potion of brilliance {unknown}
 G - a potion of heal wounds {unknown}
Comestibles
 f - 3 rations


   Skills:
 - Level 3.2 Fighting
 + Level 10.0 Maces & Flails
 - Level 3.2 Armour
 - Level 3.2 Shields


You had 7 spell levels left.
You didn't know any spells.
Your spell library contained the following spells:

 Spells                   Type           Power        Failure   Level  Hunger
 Magic Dart               Conj           #...         99%         1    ##.....
 Blink                    Tloc           N/A          100%        2    ###....
 Call Imp                 Summ           #.......     100%        2    ###....
 Slow                     Hex            #.......     100%        2    ###....
 Conjure Flame            Conj/Fire      #.......     100%        3    ####...
 Mephitic Cloud           Conj/Pois/Air  #.......     100%        3    ####...


Dungeon Overview and Level Annotations

Branches:
Dungeon (5/15)              Sewer (visited)
 Temple: D:4-7

Altars:
Cheibriados
Wu Jian

Annotations:
D:5 Prince Ribbit


Innate Abilities, Weirdness & Mutations

You are resistant to torment.
Your stone body is resilient. (AC +5)
You are immune to poison.
You resist negative energy. (rN+)
You are resistant to electric shocks. (rElec)
You can survive without breathing.
You are immune to petrification.
You are immune to rotting.


Message History

Prince Ribbit is heavily wounded.
Prince Ribbit hits you but does no damage.
You closely miss Prince Ribbit.
Prince Ribbit is heavily wounded.
Prince Ribbit hits you but does no damage. x2
You closely miss Prince Ribbit.
Prince Ribbit is heavily wounded.
Prince Ribbit barely misses you.
You closely miss Prince Ribbit.
Prince Ribbit is heavily wounded.
Prince Ribbit hits you. x2
* * * LOW HITPOINT WARNING * * *
You miss Prince Ribbit.
Prince Ribbit is heavily wounded.
You block Prince Ribbit's attack.
You closely miss Prince Ribbit.
Prince Ribbit is heavily wounded.
Prince Ribbit hits you but does no damage.
Prince Ribbit hits you!
You die...

.............>###...............#
....##........#...#....##########
....####'####'#........# #####
#...............#
#...............#
#.............### #........######
#...........# ###'##'.F@..#
#..#'.....# ##........#
#........# ##### #.......(# ....#
#....##### ....### #........#
......# #........# ......#
###......#


You could see Prince Ribbit.

Vanquished Creatures
  Grinder (D:5)
  Eustachio (D:5)
  Menkaure (D:4)
  Purgy (Sewer)
  A howler monkey (D:5)
  4 crimson imps (D:5)
  An orc priest (D:5)
  A gnoll shaman (D:5)
  A hound (D:4)
  An iguana (D:3)
  Ijyb (D:3)
  3 orc wizards
  2 worker ants (D:5)
  A worker ant zombie (D:5)
  4 gnolls
  6 adders
  2 adder skeletons
  5 worms
  2 dart slugs (D:1)
  8 leopard geckos
  10 orcs
  11 giant cockroaches
  A goblin (D:3)
  7 hobgoblins
  5 jackals
  6 quokkas
  3 ball pythons
  11 bats
  10 frilled lizards
  7 kobolds
  9 rats
127 creatures vanquished.

Notes
Turn   | Place    | Note
-------+----------+-------------------------------------------
     0 | D:1      | Delamore the Gargoyle Fighter began the quest for the Orb.
     0 | D:1      | Reached XP level 1. HP: 14/14 MP: 1/1
   133 | D:1      | Reached XP level 2. HP: 18/19 MP: 2/2
   246 | D:1      | Reached skill level 3 in Maces & Flails
   442 | D:1      | Reached XP level 3. HP: 23/23 MP: 3/3
   812 | D:2      | Found a snail-covered altar of Cheibriados.
   814 | D:2      | Found an ornate altar of the Wu Jian Council.
  1066 | D:2      | Reached skill level 4 in Maces & Flails
  1432 | D:2      | Reached XP level 4. HP: 15/28 MP: 4/4
  2233 | D:3      | Reached skill level 5 in Maces & Flails
  2234 | D:3      | Reached XP level 5. HP: 30/32 MP: 5/5
  2563 | D:3      | Noticed Ijyb
  2578 | D:3      | Killed Ijyb
  3057 | D:4      | Found a glowing drain.
  3079 | Sewer    | Entered a sewer
  3142 | Sewer    | Noticed Purgy
  3167 | Sewer    | Killed Purgy
  3167 | Sewer    | Reached skill level 6 in Maces & Flails
  3167 | Sewer    | Reached XP level 6. HP: 35/37 MP: 6/6
  3356 | D:4      | Noticed Menkaure
  3959 | D:4      | Killed Menkaure
  3959 | D:4      | Reached skill level 7 in Maces & Flails
  3959 | D:4      | Reached XP level 7. HP: 3/41 MP: 7/7
  4534 | D:4      | Got a clouded turquoise ring
  4615 | D:5      | Entered Level 5 of the Dungeon
  4645 | D:5      | Noticed Eustachio
  4733 | D:5      | Killed Eustachio
  4733 | D:5      | Reached skill level 8 in Maces & Flails
  5006 | D:5      | Noticed Grinder
  5006 | D:5      | Paralysed by Grinder for 3 turns
  5014 | D:5      | Killed Grinder
  5014 | D:5      | Reached skill level 9 in Maces & Flails
  5014 | D:5      | Reached XP level 8. HP: 46/46 MP: 8/8
  5106 | D:5      | Noticed Prince Ribbit
  5849 | D:5      | Reached skill level 10 in Maces & Flails
  5950 | D:5      | Slain by Prince Ribbit

Illustrated notes

Levels and vault maps discovered:
D:1:      kilobyte_arrival_exit_the_forest, layout_basic, minmay_tetromino_l4
D:2:      kennysheep_six_static_rooms, layout_basic,
          chequers_temple_overflow_statue_of_worship
D:3:      layout_basic, first_ration, uniq_ijyb
D:4:      layout_cave_pools, gup_sewer_entry_pipe, uniq_menkaure
D:5:      layout_basic, uniq_eustachio, uniq_grinder, uniq_prince_ribbit1

Skill      XL: |  1  2  3  4  5  6  7  8 |
---------------+-------------------------+-----
Maces & Flails | 3 4 5 6 7 9 10 | 10.0
Fighting       | |  3.2
Armour         | |  3.2
Shields        | |  3.2

Action                   |  1- 3 |  4- 6 |  7- 9 || total
-------------------------+-------+-------+-------++-------
Melee: Flail             |   162 |    91 |       ||   253
       Morningstar       |       |   196 |   270 ||   466
Throw: Dart              |       |       |     9 ||     9
       Boomerang         |       |       |     4 ||     4
       Throwing net      |       |       |     2 ||     2
  Use: Scroll            |       |     1 |       ||     1
  Eat: Chunk             |     2 |     8 |     3 ||    13
       Ration            |       |       |     1 ||     1
Armor: Scale mail        |   146 |   304 |   184 ||   634
Dodge: Dodged            |    60 |   147 |   102 ||   309
Block: Kite shield       |    99 |   235 |   152 ||   486
